cohdb
Replays
Latest Replays
All Replays
Popular Replays
Top Player Replays
Match Explorer
How It Works
Community
CoH3 Stats
Reddit
Sign in to upload your games and track your stats! →
Sign in with Steam
Match 35887297
Unlisted
Match 35887297
Overview
Messages
Build Orders
End
Royal Engineer Section
Construct Section Command Post
Infantry Section
Infantry Section
Infantry Section
Construct Platoon Command Post
Humber Armored Car
Construct Field Infirmary
6-pounder Anti-tank Gun Team
Selects Heavy Armor Battlegroup
Selects Rigorous Vehicle Training
Vickers Machine Gun Team
Infantry Training
Grenade Package
Selects Crusader AA Medium Tank
Crusader AA Medium Tank
Infantry Section
Crusader AA Medium Tank
6-pounder Anti-tank Gun Team
Selects Churchill Black Prince Heavy Tank
Churchill Black Prince Heavy Tank
Selects Light Vehicle Withdraw and Refit
Selects Radio Net
Infantry Section
DibbeTC
Dancal
0
0
Comments
sign in to comment!
No comments posted yet!